 Dungeon Crawl Stone Soup version 0.30-a0-718-geaa24f58ff (webtiles) character file.

Game seed: 8184424172753809851

514 ASSMAN the Ruffian (level 7, 0/62 HPs)
             Began as a Troll Brigand on Jan 25, 2023.
             Slain by Pikel
             ... wielding a +0 whip of freezing
              (1 damage)
             ... on level 5 of the Dungeon.
             The game lasted 00:03:54 (2918 turns).

ASSMAN the Ruffian (Troll Brigand)                  Turns: 2918, Time: 00:03:55

Health: 0/62       AC:  5    Str: 22    XL:     7   Next: 0%
Magic:  6/6        EV:  9    Int:  7    God:
Gold:   345        SH:  0    Dex: 11    Spells: 6/6 levels left

rFire   . . .      SeeInvis .      - Unarmed
rCold   . . .      Faith    .    (no shield)
rNeg    . . .      Spirit   .    b - +0 robe
rPois   .          Reflect  .    (helmet restricted)
rElec   .          Harm     .    c - +0 cloak
rCorr   .          Rampage  .    (gloves unavailable)
Will    .....                    (boots unavailable)
Stlth   ++                       (no amulet)
HPRegen 1.10/turn                (no ring)
MPRegen 0.10/turn                (no ring)

@: no status effects
A: large, unfitting armour, claws 3, regeneration 1, shaggy fur 1, tough skin 1
a: no special abilities


You were on level 5 of the Dungeon.
You visited 1 branch of the dungeon, and saw 5 of its levels.

You collected 345 gold pieces.

Inventory:

Hand Weapons
 a - a +2 dagger
Missiles
 d - 9 poisoned darts
 e - a curare-tipped dart (quivered)
Armour
 b - a +0 robe (worn)
 c - a +0 cloak (worn)
Jewellery
 x - a ring of willpower
 y - an amulet of the acrobat
Wands
 v - a wand of mindburst (9)
Scrolls
 f - 2 scrolls of magic mapping {unknown}
 g - 3 scrolls of immolation {unknown}
 i - 2 scrolls of teleportation {unknown}
 j - 2 scrolls of summoning {unknown}
 k - a scroll of brand weapon {unknown}
 l - a scroll of poison {unknown}
 n - 2 scrolls of vulnerability {unknown}
 r - 2 scrolls of amnesia {unknown}
 u - a scroll of enchant armour {unknown}
 w - a scroll of fear {unknown}
Potions
 h - 2 potions of flight {unknown}
 m - 2 potions of heal wounds {unknown}
 o - a potion of brilliance {unknown}
 q - 2 potions of curing {unknown}
 s - a potion of might {unknown}
 t - a potion of degeneration {unknown}


   Skills:
 - Level 1.5 Fighting
 - Level 1.5 Short Blades
 - Level 1.7 Throwing
 - Level 0.7 Dodging
 - Level 2.1 Stealth
 + Level 7.3 Unarmed Combat


You had 6 spell levels left.
You didn't know any spells.
Your spell library contained the following spells:

 Spells                   Type           Power      Damage    Failure   Level
 Ozocubu's Armour         Ice            0%         N/A       80%         3
 Metabolic Englaciation   Hex/Ice        0%         N/A       100%        5
 Simulacrum               Ice/Necr       0%         N/A       100%        6


Dungeon Overview and Level Annotations

Branches:
Dungeon (5/15)
 Temple: D:4-7

Altars:
Dithmenos
Fedhas
Vehumet
Wu Jian

Shops:
D:3 !

Annotations:
D:5 Pikel


Innate Abilities, Weirdness & Mutations

You are too large for most types of armour.
You have claws for hands.
Your natural rate of healing is unusually fast.
You are covered in fur. (AC +1)
You have tough skin. (AC +1)


Message History

The throwing net barely misses the orc.
The throwing net hits the orc priest.
The orc priest is caught in the net!
The lemure struggles against the net.
The orc hits you from afar with a +0 trident.
Pikel hits you but does no damage.
The orc priest struggles against the net.
Throw: 3 darts (curare)
Press: ? - help, Q - select action, (/) - cycle Shift-Dir - straight line, f/p - Pikel
Aim: Pikel, wielding a +0 whip of freezing and wearing a +2 robe of positive energy (45% to hit)
You throw a curare-tipped dart.
The curare-tipped dart barely misses Pikel.
The curare-tipped dart closely misses the orc.
The curare-tipped dart hits the orc priest.
The orc priest is poisoned.
The orc priest convulses.
The orc priest seems to slow down.
The orc priest is severely wounded.
The lemure struggles against the net.
Pikel hits you with a +0 whip of freezing!
* * * LOW HITPOINT WARNING * * *
Pikel freezes you.
* * * LOW HITPOINT WARNING * * *
The orc hits you from afar with a +0 trident.
* * * LOW HITPOINT WARNING * * *
Throw: 2 darts (curare)
Press: ? - help, Q - select action, (/) - cycle Shift-Dir - straight line, f/p - Pikel
Aim: Pikel, wielding a +0 whip of freezing and wearing a +2 robe of positive energy (45% to hit)
You throw a curare-tipped dart. The curare-tipped dart misses Pikel.
The curare-tipped dart barely misses the orc.
The curare-tipped dart hits the orc priest.
The orc priest looks as sick as possible!
The orc priest convulses.
You kill the orc priest!
The orc hits you from afar with a +0 trident!
* * * LOW HITPOINT WARNING * * *
The lemure struggles against the net.
The net rips apart, and the lemure comes free!
Pikel hits you with a +0 whip of freezing.
* * * LOW HITPOINT WARNING * * *
Pikel freezes you.
You die...

#.!.. #.55.##
#............. #....
#....##.##.#..........
#.! #..K5##
..............
##...5.####.##.........
#......55......<)......
#....###5.##..###########
#.#### #o5..>##...# #..
####+#### #K###'##...#
#.# #.......#
#@#........# #.#
#.......###.#........#
#.#
#.........#.#........#
#.#
#...........#........#
#.#
#.......#.###......###
#.# #.......#.# #......#
#.# #.......#.# #..[...#
#.# ##.#'##.#.# #......#
#.# #.#.##.#.# ###'####
#.#


You could see Pikel, 4 lemures and an orc.

Vanquished Creatures
  3 scorpions (D:4)
  2 jellies (D:4)
  An orc priest (D:5)
  2 hounds (D:5)
  2 iguanas
  Robin (D:2)
  6 gnolls
  An adder (D:2)
  An ufetubus (D:5)
  A worm (D:2)
  2 dart slugs
  3 orcs
  2 bats (D:1)
  10 endoplasms
  5 giant cockroaches
  9 hobgoblins
  4 jackals (D:3)
  3 quokkas
  7 ball pythons
  2 frilled lizards
  12 goblins
  3 kobolds
  6 rats
88 creatures vanquished.

Notes
Turn   | Place    | Note
-------+----------+-------------------------------------------
     0 | D:1      | ASSMAN the Troll Brigand began the quest for the Orb.
     0 | D:1      | Reached XP level 1. HP: 19/19 MP: 0/0
   103 | D:1      | Reached skill level 1 in Unarmed Combat
   156 | D:1      | Reached XP level 2. HP: 27/27 MP: 1/1
   258 | D:1      | Reached skill level 2 in Unarmed Combat
   505 | D:1      | Reached XP level 3. HP: 32/33 MP: 2/2
   621 | D:1      | Found a faded altar of an unknown god.
   746 | D:2      | Noticed Robin
   750 | D:2      | Reached skill level 3 in Unarmed Combat
   758 | D:2      | Killed Robin
   819 | D:2      | Reached XP level 4. HP: 41/41 MP: 3/3
   868 | D:2      | Reached skill level 4 in Unarmed Combat
  1194 | D:3      | Found Tougemoq's Distillery.
  1241 | D:3      | Found a shadowy altar of Dithmenos.
  1977 | D:4      | Found a radiant altar of Vehumet.
  2025 | D:4      | Noticed a scorpion
  2038 | D:4      | Reached XP level 5. HP: 26/48 MP: 4/4
  2043 | D:4      | Reached skill level 5 in Unarmed Combat
  2212 | D:4      | Found a blossoming altar of Fedhas.
  2230 | D:4      | Reached skill level 6 in Unarmed Combat
  2230 | D:4      | Reached XP level 6. HP: 54/55 MP: 5/5
  2278 | D:4      | Found an ornate altar of the Wu Jian Council.
  2567 | D:5      | Entered Level 5 of the Dungeon
  2790 | D:5      | Reached skill level 7 in Unarmed Combat
  2886 | D:5      | Noticed Pikel
  2915 | D:5      | Reached XP level 7. HP: 26/62 MP: 6/6
  2918 | D:5      | HP: 1/62 [Pikel/+0 whip of freezing (5)]
  2918 | D:5      | Slain by Pikel

Illustrated notes

Levels and vault maps discovered:
D:1:      eino_arrival_water_star, layout_loops_ring,
          hellmonk_ecumenical_altar_inner_sanctum, serial_park_tiny_2
D:2:      layout_rooms, uniq_robin
D:3:      layout_basic, mainiacjoe_overflow_24_doors, serial_shops,
          nicolae_lakefront_shop
D:4:      layout_rooms, nicolae_vehumet_altar_sigil,
          nicolae_wu_jian_wuxing_cycle, amcnicky_altar_gilded, nicolae_titane
D:5:      layout_basic, minmay_temple_entry_arrows, uniq_pikel

Skill      XL: |  1  2  3  4  5  6 |
---------------+-------------------+-----
Unarmed Combat | 1 2 3 4 6 7 |  7.3
Fighting       | |  1.5
Short Blades   | |  1.5
Throwing       | |  1.7
Dodging        | |  0.7
Stealth        | |  2.1

Action                     |  1- 3 |  4- 6 |  7- 9 || total
---------------------------+-------+-------+-------++-------
  Melee: Unarmed           |   105 |   125 |       ||   230
         Punch             |     2 |     2 |       ||     4
  Throw: Dart              |       |       |     2 ||     2
         Throwing net      |       |       |     2 ||     2
   Stab: Sleeping          |     6 |     3 |       ||     9
 Armour: Robe              |    36 |    31 |     1 ||    68
  Dodge: Dodged            |    35 |    61 |     2 ||    98

Table legend: (Time is in decaauts)
 A = Elapsed time spent in this place.
 B = Non-inter-level travel time spent in this place.
 C = Inter-level travel time spent in this place.
 D = Time resting spent in this place.
 E = Time spent auto-exploring this place.
 F = Levels seen in this place.
 G = Mean time per level.
                   A        B        C        D        E       F      G
               +--------+--------+--------+--------+--------+-----+--------+
         Total |   2900 |   2750 |    150 |     70 |   2136 |   5 |  580.0 |
       Dungeon |   2900 |   2750 |    150 |     70 |   2136 |   5 |  580.0 |
               +--------+--------+--------+--------+--------+-----+--------+

Top non-repeatable levels by time:
     D:3: 824 daAuts
     D:1: 675 daAuts
     D:4: 608 daAuts
     D:2: 443 daAuts
     D:5: 346 daAuts
